 Dungeon Crawl Stone Soup version 0.31-a0-198-g2ad674f65e (webtiles) character file.

Game seed: 11115911266485390743

83 qw the Shooter (level 4, -2/25 HPs)
             Began as a Deep Elf Hunter on June 25, 2023.
             Slain by an iguana (10 damage)
             ... on level 2 of the Dungeon.
             The game lasted 00:00:27 (1348 turns).

qw the Shooter (Deep Elf Hunter)                    Turns: 1348, Time: 00:00:28

Health: -2/25      AC:  6    Str: 10    XL:     4   Next: 22%
Magic:  6/6        EV: 11    Int: 14    God:
Gold:   76         SH:  0    Dex: 18    Spells: 3/3 levels left

rFire   . . .        Y - +0 shortbow
rCold   . . .        (shield currently unavailable)
rNeg    . . .        a - +0 ring mail
rPois   .            f - +0 helmet
rElec   .            (no cloak)
rCorr   .            (no gloves)
SInv    .            (no boots)
Will    .....        (no amulet)
Stlth   +            (no ring)
HPRegen 0.24/turn    (no ring)
MPRegen 0.10/turn

%: no passive effects
@: no status effects
A: no striking features
a: no special abilities


You were on level 2 of the Dungeon.
You visited 1 branch of the dungeon, and saw 2 of its levels.

You collected 76 gold pieces.


   Skills:
 - Level 1.5 Fighting
 + Level 7.6 Ranged Weapons
 - Level 2.4 Dodging
 - Level 1.2 Stealth


You had 3 spell levels left.
You didn't know any spells.
Your spell library was empty.

Inventory:

Hand Weapons
 Y - a +0 shortbow (weapon)
Armour
 a - a +0 ring mail (worn)
 f - a +0 helmet (worn)
Scrolls
 d - 3 scrolls of teleportation {unknown}
 g - a scroll of identify
Potions
 b - a potion of heal wounds {unknown}
 c - a potion of brilliance {unknown}
 e - 2 potions of attraction {unknown}
 j - a potion of mutation {unknown}

Dungeon Overview and Level Annotations

Branches:
Dungeon (2/15)

Altars:
Dithmenos


Message History

Enter note:
Enter note:
Enter note:
Enter note:
Enter note:
Enter note: A worm comes into view.
You shoot an arrow. The arrow hits the worm.
The worm is lightly wounded.
You shoot an arrow. The arrow hits the worm!
The worm is heavily wounded.
You shoot an arrow. The arrow hits the worm.
The worm is severely wounded.
You shoot an arrow. The arrow hits the worm!
You kill the worm!
You open the door.
An iguana comes into view.
The iguana hisses angrily.
Enter note:
Enter note:
Enter note:
Enter note:
Enter note:
Enter note:
Enter note:
Enter note:
Enter note:
Enter note:
Enter note:
Enter note: You shoot an arrow.
The arrow barely misses the iguana.
The iguana bites you.
You shoot an arrow. The arrow barely misses the iguana.
The iguana bites you!
You shoot an arrow. The arrow hits the iguana.
The iguana is moderately wounded.
The iguana closely misses you.
You shoot an arrow. The arrow closely misses the iguana.
The iguana bites you!
You die...

#.# #..#...###........## ..#
##....## ##.......# ..# # #...##
#.......## ###># #...#
######...####### .##.### ##..##
##......... ......# #...#
###...%...... ......####..######
##.#..........
..............#..#.8#.#..........
#.............#.@l.8#.#..........
..####..#...#8#..#..#.########...
...|........####.####.###P## #.##
##^.........#.......#.# P.. #.#
....####....#..%......###.####.#
...## ####.#..######..#####...#
..## #..#. #........### ..# #..#.
#.######## ..# #..# #.#


You could see an iguana.

Vanquished Creatures
  A hound (D:2)
  An adder (D:2)
  A worm (D:2)
  2 dart slugs (D:1)
  An endoplasm (D:2)
  3 goblins (D:1)
  6 hobgoblins
  3 jackals (D:1)
  5 kobolds
  A quokka (D:2)
  2 ball pythons
  A bat (D:1)
  3 frilled lizards (D:2)
  6 rats
36 creatures vanquished.

Notes
Turn   | Place    | Note
-------+----------+-------------------------------------------
     0 | D:1      | qw the Deep Elf Hunter began the quest for the Orb.
     0 | D:1      | Reached XP level 1. HP: 12/12 MP: 3/3
     0 | D:1      | 0 ||| qw: Version: 0.3-a-22-g0ed2b0b
     0 | D:1      | 0 ||| qw: Game counter: 5410
     0 | D:1      | 0 ||| qw: Melee chars always use a shield: true
     0 | D:1      | 0 ||| qw: God list: Okawaru
     0 | D:1      | 0 ||| qw: Allow faded altars: false
     0 | D:1      | 0 ||| qw: Do Orc after clearing Dungeon:15 true
     0 | D:1      | 0 ||| qw: Do second Lair branch before Depths: true
     0 | D:1      | 0 ||| qw: Lair rune preference: random
     0 | D:1      | 0 ||| qw: Goals: Normal
     0 | D:1      | 0 ||| PLANNING D:1-11
   241 | D:1      | Reached XP level 2. HP: 16/16 MP: 4/4
   293 | D:1      | Reached skill level 6 in Ranged Weapons
   860 | D:1      | 860 ||| UPGRADING to +0 helmet.
   865 | D:1      | 865 ||| READING scroll labelled LAICIX VOGUGH.
   866 | D:1      | 866 ||| READING scroll labelled ORPHYG LEAMA.
   867 | D:1      | 867 ||| READING scroll labelled POERYATS KELL.
   868 | D:1      | 868 ||| READING scroll labelled LAOVYC GALYOM.
   869 | D:1      | 869 ||| DROPPING scroll of butterflies.
   931 | D:2      | Reached XP level 3. HP: 20/20 MP: 5/5
  1000 | D:2      | Reached skill level 7 in Ranged Weapons
  1000 | D:2      | Reached XP level 4. HP: 21/25 MP: 6/6
  1023 | D:2      | Found a shadowy altar of Dithmenos.
  1151 | D:2      | 1151 ||| UPGRADING to +0 ring mail.
  1161 | D:2      | 1161 ||| DROPPING +0 leather armour.
  1348 | D:2      | Slain by an iguana

Levels and vault maps discovered:
D:1:      tarquinn_simple_flora_water_e, layout_loops_corners
D:2:      layout_rooms, basic_altar, shapermc_ecumenical_altar_mp_vishouse,
          serial_aquarium, aquarium_bridge_long_separate
          [aquarium_subvault_balcony, aquarium_subvault_bridge,
          aquarium_subvault_balcony, aquarium_subvault_window,
          aquarium_subvault_bridge, aquarium_subvault_bridge],
          aquarium_window_1, aquarium_window_fake, aquarium_window_2,
          aquarium_window_1, aquarium_view_2f, aquarium_view_2c,
          aquarium_pool_corner

Skill      XL: |  1  2  3 |
---------------+----------+-----
Ranged Weapons | 6 7 |  7.6
Fighting       | |  1.5
Dodging        | |  2.4
Stealth        | |  1.2

Action                     |  1- 3 |  4- 6 || total
---------------------------+-------+-------++-------
   Fire: Shortbow          |    62 |    28 ||    90
    Use: Scroll            |     4 |       ||     4
 Armour: Leather armour    |     1 |       ||     1
         Ring mail         |       |     1 ||     1
  Dodge: Dodged            |    10 |     3 ||    13

Table legend:
 A = Non-vault XP
 B = Vault XP
 C = Vault XP percentage of total XP
 D = Non-vault monster count
 E = Vault monster count
 F = Vault count percentage of total count
                 A         B        C        D         E       F
            +---------+---------+-------+---------+---------+-------
      Total |     119 |       0 |   0.0 |      36 |       0 |   0.0
            +---------+---------+-------+---------+---------+-------
        D:1 |      35 |       0 |   0.0 |      20 |       0 |   0.0
        D:2 |      84 |       0 |   0.0 |      16 |       0 |   0.0
            +---------+---------+-------+---------+---------+-------
